 Dungeon Crawl Stone Soup version 0.19-a0-1932-g59670f6 (webtiles) character file.

41199 dobroeutro the Warrior (level 14, -7/110 HPs)
             Began as a Gargoyle Hunter on Oct 25, 2016.
             Was the Champion of Okawaru.
             Mangled by Capuchin's ghost (32 damage)
             ... on level 6 of the Lair of Beasts.
             The game lasted 00:46:56 (20534 turns).

dobroeutro the Warrior (Gargoyle Hunter)           Turns: 20534, Time: 00:46:57

Health: -7/110     AC: 30    Str: 21    XL:     14   Next: 14%
Magic:  14/14      EV: 12    Int: 12    God:    Okawaru [******]
Gold:   1301       SH:  0    Dex: 10    Spells: 0 memorised, 13 levels left

rFire  . . .     SeeInvis +     a - +1 shortbow (freeze)
rCold  . . .     Gourm    .     k - +3 scale mail
rNeg   + . .     Faith    .     (shield currently unavailable)
rPois  ∞         Spirit   .     U - +1 hat
rElec  +         Reflect  .     z - +1 cloak {MR+}
rCorr  .         Harm     .     F - +0 pair of gloves
MR     +++..     Clarity  +     W - +4 pair of boots of Spite {+Fly rElec}
Stlth  ..........               C - amulet of regeneration (curse)
                                y - ring of see invisible
                                B - ring of protection from magic

@: no status effects
A: big wings, blink, clarity, negative energy resistance 1, robust 1,
electricity resistance, unbreathing, petrification resistance, rot immunity, AC
+9
a: Fly, Blink, Heroism, Finesse, Renounce Religion, Evoke Flight


You were on level 6 of the Lair of Beasts.
You worshipped Okawaru.
Okawaru was exalted by your worship.
You were very hungry.

You visited 3 branches of the dungeon, and saw 18 of its levels.

You collected 1301 gold pieces.

Inventory:

Hand Weapons
 a - a +1 shortbow of freezing (weapon)
 j - a +2 long sword
 r - a +0 falchion
 V - a +1 shortbow of freezing
Missiles
 d - 327 arrows (quivered)
Armour
 k - a +3 scale mail (worn)
 z - a +1 cloak of magic resistance (worn)
 F - a +0 pair of gloves (worn)
 U - a +1 hat (worn)
 W - the +4 pair of boots of Spite (worn) {+Fly rElec}
   (Okawaru gifted it to you on level 3 of the Lair of Beasts)

   It insulates you from electricity.
   It lets you fly.
Jewellery
 g - an uncursed ring of ice
 q - a +3 ring of evasion
 u - the amulet of Inwof {Reflect Int+4 SH+5}
   (You found it on level 8 of the Dungeon)

   [amulet of reflection]

   It shields you and reflects attacks.
   It affects your intelligence (+4).
   It affects your SH (+5).
 y - a ring of see invisible (right hand)
 B - a ring of protection from magic (left hand)
 C - a cursed amulet of regeneration (around neck)
 E - an uncursed ring of protection from cold
 P - an uncursed amulet of guardian spirit
Wands
 n - a wand of acid (3/15)
 s - a wand of flame (24/48)
 w - a wand of iceblast (8/15)
 D - a wand of acid (10/15)
 I - a wand of lightning (8/15)
 N - a wand of lightning (11/15)
Scrolls
 c - 2 scrolls of recharging {unknown}
 e - 6 scrolls of magic mapping
 l - 2 scrolls of identify
 v - 4 scrolls of enchant armour
 G - 7 scrolls of remove curse
 J - 11 scrolls of teleportation
 K - a scroll of fear
 S - a scroll of amnesia
 X - 3 scrolls of enchant weapon
Potions
 h - 2 potions of flight
 o - 3 potions of haste
 p - 5 potions of curing
 t - a potion of invisibility {unknown}
 x - 3 potions of brilliance
 A - 2 potions of magic
 H - 3 potions of ambrosia
 R - a potion of cancellation
 T - 2 potions of heal wounds
 Z - a potion of agility
Books
 m - a book of Transfigurations

   Spells                             Type                      Level
   a - Irradiate                      Conjuration/Transmutation    5
   b - Statue Form                    Transmutation/Earth          6
   c - Hydra Form                     Transmutation                6
   d - Dragon Form                    Transmutation                7
 O - a book of Beasts

   Spells                             Type                      Level
   a - Summon Butterflies             Summoning                    1
   b - Call Canine Familiar           Summoning                    3
   c - Summon Ice Beast               Ice/Summoning                4
   d - Summon Mana Viper              Hexes/Summoning              5
   e - Summon Hydra                   Summoning                    7
Comestibles
 b - 6 beef jerkies
 f - 5 bread rations
 i - 6 meat rations
 L - 5 fruits


   Skills:
 + Level 16.1 Fighting
 - Level 5.1 Long Blades
 + Level 15.2 Bows
 + Level 6.7 Armour
 + Level 5.4 Dodging
 - Level 1.1 Stealth


You had 13 spell levels left.
You didn't know any spells.

Dungeon Overview and Level Annotations

Branches:
Dungeon (11/15)            Temple (1/1) D:5            Lair (6/6) D:8
 Shoals (0/4) Lair:2       Spider (0/4) Lair:2        Slime (0/5) Lair:5
    Orc (0/2) D:9

Altars:
Ashenzari
Cheibriados
Dithmenos
Elyvilon
Gozag
Hepliaklqana
Kikubaaqudgha
Makhleb
Nemelex Xobeh
Okawaru
Qazlal
Sif Muna
Trog
Uskayaw
Vehumet
Xom
Yredelemnul
Zin
The Shining One
Beogh

Annotations:
D:4 dobroeutro's ghost, amateur GrHu
Lair:6 Capuchin's ghost, journeyman MiFi


Innate Abilities, Weirdness & Mutations

You are resistant to torment.
Your stone body is resilient. (AC +9)
You are immune to poison.
Your large and strong wings let you fly indefinitely.
You resist negative energy. (rN+)
You are resistant to electric shocks. (rElec)
You can survive without breathing.
You are immune to petrification.
You are immune to rotting.
You can translocate small distances at will.
You possess an exceptional clarity of mind.
You are robust. (+10% HP)


Message History

Firing (i - inventory):
d - 328 arrows (quivered)
Press: ? - help, Shift-Dir - straight line, f/p - komodo dragon
Aim: a komodo dragon (heavily wounded, slow)
You shoot an arrow. The blink frog croaks.
The blink frog gives a loud, deep croak!
The arrow hits the komodo dragon but does no damage.
The komodo dragon is heavily wounded.
You hear a splash.
The blink frog blinks!
The blink frog blinks!
The komodo dragon bites you.
* * * LOW HITPOINT WARNING * * *
The blink frog blinks!
Capuchin's ghost (journeyman Minotaur Fighter) comes into view.
It is wielding a weapon of electrocution.
Capuchin's ghost turns its malevolent gaze towards you.
The blink frog blinks!
The komodo dragon is no longer moving slowly.
The blink frog hits you but does no damage.
The blink frog barely misses you. Capuchin's ghost hits you!!
You die...

.##..........# ...PP....# P..
..##...P.P...# .........+.....P..
.###....###...#.......#.#..###...
.# ###.P# #..#.#......### . .#
#### #...##.....#.# ..#
######...#.......## P..
...###.P#P.............. ...
...............W........ ...
...............l@....... ... .
.........≈F.≈≈.≈≈≈≈ .. .
#.#....#≈≈≈##≈≈#≈P #≈≈ .
##.##...#≈(≈##≈≈≈# #≈≈ .
####..##..≈(≈≈P≈≈≈≈≈≈≈ ≈≈≈ P
#.....##P.F((≈≈≈≈(≈ ≈≈ ≈≈≈
..#.........≈#(P##### # ###
.###.........#≈(#≈ 8
.P##......†..≈≈P(≈≈ ≈


You could see a komodo dragon, 2 blink frogs and Capuchin's ghost.

Vanquished Creatures
  Gastronok (Lair:3)
  Erolcha (D:11)
  5 hydras
  Nergalle (Lair:4)
  An orc knight (D:10)
  Maurice (D:8)
  14 elephants
  Joseph (D:8)
  3 black mambas (Lair:3)
  6 spiny frogs
  2 rime drakes
  11 komodo dragons
  A polar bear (Lair:4)
  3 hornets (Lair:6)
  3 slime creatures (Lair:5)
  Prince Ribbit (D:8)
  16 blink frogs
  10 hippogriffs
  3 wyverns
  41 yaks
  2 basilisks
  A hungry ghost (D:7)
  Grum (D:9)
  Menkaure (D:6)
  11 water moccasins
  6 porcupines
  2 black bears
  A sky beast (D:7)
  5 orc warriors
  4 ice beasts
  6 ogres
  3 phantoms
  An eye of draining (D:11)
  16 centaurs
  12 wolves
  15 crocodiles
  11 bullfrogs
  Blork the orc (D:4)
  5 scorpions
  3 howler monkeys
  10 wights
  A bullfrog zombie (D:8)
  6 crimson imps
  3 jellies
  2 quasits
  2 centaur zombies
  Crazy Yiuf (D:5)
  A bullfrog skeleton (D:6)
  9 orc priests
  A gnoll shaman (D:6)
  4 hounds
  A centaur skeleton (D:5)
  10 worker ants
  4 iguanas
  A hound skeleton (D:6)
  7 gnolls (D:5)
  14 adders
  4 shadow imps
  3 oozes
  An adder zombie (D:6)
  3 worms
  2 dart slugs
  5 leopard geckos
  46 orcs
  13 giant cockroaches
  8 goblins
  8 hobgoblins
  17 jackals
  10 quokkas
  12 bats
  4 frilled lizards
  A giant cockroach zombie (D:5)
  A jackal skeleton (D:4)
  7 kobolds
  A leopard gecko skeleton (D:8)
  A leopard gecko zombie (D:5)
  A quokka skeleton (D:8)
  6 rats
  A fungus (Lair:2)
  2 plants
466 creatures vanquished.

Vanquished Creatures (others)
  4 fungi
  7 plants
11 creatures vanquished.

Grand Total: 477 creatures vanquished

Notes
Turn   | Place    | Note
-------+----------+-------------------------------------------
     0 | D:1      | dobroeutro the Gargoyle Hunter began the quest for the Orb.
     0 | D:1      | Reached XP level 1. HP: 12/12 MP: 1/1
   112 | D:1      | Reached XP level 2. HP: 4/18 MP: 2/2
   649 | D:1      | Reached skill level 3 in Fighting
   712 | D:1      | Reached XP level 3. HP: 16/23 MP: 3/3
  1201 | D:2      | Reached XP level 4. HP: 28/28 MP: 4/4
  1403 | D:2      | Reached skill level 5 in Bows
  2040 | D:3      | Reached skill level 4 in Fighting
  2555 | D:3      | Reached XP level 5. HP: 23/33 MP: 5/5
  2623 | D:3      | Found a white marble altar of Elyvilon.
  2782 | D:3      | Found a sparkling altar of Nemelex Xobeh.
  2990 | D:3      | Found a glowing golden altar of the Shining One.
  3241 | D:4      | Reached skill level 1 in Long Blades
  3266 | D:4      | Reached XP level 6. HP: 8/40 MP: 6/6
  3527 | D:4      | Noticed Blork the orc
  3527 | D:4      | Noticed a phantom
  3673 | D:3      | Killed a phantom
  3673 | D:3      | Reached skill level 5 in Fighting
  5053 | D:4      | Killed Blork the orc
  5053 | D:4      | Reached XP level 7. HP: 42/44 MP: 7/7
  5398 | D:4      | Noticed dobroeutro's ghost (amateur GrHu)
  5989 | D:5      | Entered Level 5 of the Dungeon
  6452 | D:5      | Reached skill level 6 in Fighting
  7116 | D:5      | Reached XP level 8. HP: 30/52 MP: 8/8
  7650 | D:5      | Found a staircase to the Ecumenical Temple.
  7768 | Temple   | Entered the Ecumenical Temple
  7830 | Temple   | Became a worshipper of Warmaster Okawaru
  8134 | D:5      | Found a runed door.
  8139 | D:5      | Noticed Crazy Yiuf
  8148 | D:5      | Killed Crazy Yiuf
  8262 | D:6      | Reached skill level 7 in Fighting
  8534 | D:6      | Noticed Menkaure
  8540 | D:6      | Killed Menkaure
  8756 | D:6      | Reached * piety under Okawaru
  8798 | D:6      | Reached skill level 5 in Long Blades
  8895 | D:6      | Reached XP level 9. HP: 58/58 MP: 9/9
  8979 | D:7      | Reached skill level 1 in Armour
  8980 | D:7      | Found a snail-covered altar of Cheibriados.
  9009 | D:7      | Found a shadowy altar of Dithmenos.
  9012 | D:7      | Reached skill level 8 in Fighting
  9215 | D:7      | Reached ** piety under Okawaru
  9646 | D:8      | Noticed Maurice
  9756 | D:8      | Reached skill level 9 in Fighting
  9765 | D:8      | Found a staircase to the Lair.
  9778 | D:8      | Noticed Joseph
  9842 | D:8      | Killed Maurice
  9842 | D:8      | Reached *** piety under Okawaru
  9842 | D:8      | Reached XP level 10. HP: 40/67 MP: 10/10
  9857 | D:8      | Killed Joseph
  9898 | D:8      | Noticed Prince Ribbit
  9923 | D:8      | Killed Prince Ribbit
  9923 | D:8      | Reached skill level 10 in Fighting
 10049 | D:8      | Got a transparent crystal amulet
 10050 | D:8      | Identified the amulet of Inwof {Reflect Int+4 SH+5} (You found it on level 8 of the Dungeon)
 10076 | D:8      | Noticed an elephant
 10217 | D:8      | Killed an elephant
 10217 | D:8      | Received a gift from Okawaru
 10302 | D:8      | Reached skill level 10 in Bows
 10801 | D:8      | Received a gift from Okawaru
 10963 | D:9      | Reached **** piety under Okawaru
 10977 | D:9      | Noticed Grum
 11104 | D:9      | Killed Grum
 11113 | D:9      | Reached skill level 11 in Fighting
 11421 | D:9      | Found a staircase to the Orcish Mines.
 11429 | D:9      | Found a roughly hewn altar of Beogh.
 11849 | D:10     | Entered Level 10 of the Dungeon
 12088 | D:10     | Reached XP level 11. HP: 36/74 MP: 11/11
 12634 | D:11     | Reached ***** piety under Okawaru
 12716 | D:11     | Reached skill level 12 in Fighting
 12850 | D:11     | Noticed Erolcha
 12885 | D:11     | Killed Erolcha
 12885 | D:11     | Received a gift from Okawaru
 13336 | D:11     | Noticed an orc knight
 13482 | D:10     | Killed an orc knight
 13482 | D:10     | Received a gift from Okawaru
 13777 | D:11     | Received a gift from Okawaru
 14120 | Lair:1   | Entered Level 1 of the Lair of Beasts
 15007 | Lair:2   | Reached skill level 13 in Fighting
 15229 | Lair:2   | Found a hole to the Spider Nest.
 15264 | Lair:2   | Reached XP level 12. HP: 84/84 MP: 12/12
 15483 | Lair:2   | Received a gift from Okawaru
 15692 | Lair:2   | Found a staircase to the Shoals.
 16198 | Lair:3   | Reached skill level 14 in Fighting
 16482 | Lair:3   | Received a gift from Okawaru
 16673 | Lair:3   | Noticed an eight-headed hydra
 16678 | Lair:3   | Killed an eight-headed hydra
 16681 | Lair:3   | Noticed Gastronok
 16695 | Lair:3   | Killed Gastronok
 16695 | Lair:3   | Received a gift from Okawaru
 16807 | Lair:3   | Received a gift from Okawaru
 16808 | Lair:3   | Got a pair of twisted boots {god gift}
 16814 | Lair:3   | Identified the +4 pair of boots of Spite {+Fly rElec} (Okawaru gifted it to you on level 3 of the Lair of Beasts)
 17332 | Lair:3   | Reached XP level 13. HP: 91/91 MP: 13/13
 17517 | Lair:4   | Noticed Nergalle
 17538 | Lair:4   | Killed Nergalle
 17538 | Lair:4   | Reached skill level 15 in Fighting
 17823 | Lair:4   | Gained mutation: You possess an exceptional clarity of mind. [potion of mutation]
 17823 | Lair:4   | Gained mutation: You are robust. (+10% HP) [potion of mutation]
 17823 | Lair:4   | Gained mutation: You can translocate small distances at will. [potion of mutation]
 18334 | Lair:4   | Reached ****** piety under Okawaru
 19121 | Lair:5   | Found a staircase to the Slime Pits.
 19183 | Lair:5   | Received a gift from Okawaru
 19542 | Lair:5   | Reached skill level 5 in Armour
 19819 | Lair:6   | Entered Level 6 of the Lair of Beasts
 19824 | Lair:6   | Received a gift from Okawaru
 19855 | Lair:6   | Reached skill level 15 in Bows
 20305 | Lair:6   | Reached skill level 5 in Dodging
 20315 | Lair:6   | Reached skill level 16 in Fighting
 20315 | Lair:6   | Gained mutation: Your large and strong wings let you fly indefinitely. [Gargoyle growth]
 20315 | Lair:6   | Reached XP level 14. HP: 110/110 MP: 14/14
 20530 | Lair:6   | Noticed Capuchin's ghost (journeyman MiFi)
 20534 | Lair:6   | Mangled by Capuchin's ghost

Vault maps used:
D:1:      dpeg_arrival_lava_altar
D:2:      kennysheep_doodads
D:3:      nicolae_overflow_hidden_temple, grunt_temple_overflow_open
D:4:      minmay_misc_feat_x, minivault_25, interstate_on_off,
          uniq_blork_the_orc
D:5:      first_bread, uniq_crazy_yiuf_cottage
D:6:      uniq_menkaure
D:7:      overflow_temple_1_default, lemuel_doored_altar, st_stairs_5
D:8:      david_lair_generic, uniq_prince_ribbit1, uniq_joseph, uniq_maurice
D:9:      minmay_orc_entry_temple_small, uniq_grum
D:11:     uniq_erolcha
Temple:   compressed_dpeg_circular_temple
Lair:1:   infiniplex_staircase_pool_2
Lair:2:   minmay_shoals_entry_centaurs, spider_nest_entry_web_field,
          grunt_megastairs_2
Lair:3:   uniq_gastronok
Lair:4:   eino_small_chamber_without_monster, st_stairs_9, lemuel_old_faithful,
          uniq_nergalle
Lair:5:   minmay_slime_entry_pillars, grunt_megastairs_4
Lair:6:   gammafunk_lair_ancient_temple

Skill      XL: |  1  2  3  4  5  6  7  8  9 10 11 12 13 |
---------------+----------------------------------------+-----
Fighting       | 3 4 5 6 7 9 11 13 14 16 | 16.1
Bows           | 5 6 7 9 11 12 14 15 | 15.2
Long Blades    | 1 2 3 5 |  5.1
Armour         | 3 6 |  6.7
Dodging        | 3 5 |  5.4
Stealth        | |  1.1

Action                   |  1- 3 |  4- 6 |  7- 9 | 10-12 | 13-15 || total
-------------------------+-------+-------+-------+-------+-------++-------
Melee: Short sword       |   129 |    29 |       |       |       ||   158
       Whip              |       |   148 |       |       |       ||   148
       Falchion          |       |   228 |       |       |       ||   228
       Long sword        |       |       |   556 |    39 |    15 ||   610
 Fire: Shortbow          |       |     7 |    43 |  1174 |   701 ||  1925
 Abil: Blink             |       |       |       |       |     1 ||     1
  Use: Scroll            |       |     6 |     6 |     5 |     8 ||    25
       Potion            |       |     2 |     1 |     4 |     1 ||     8
 Stab: Sleeping          |     4 |     3 |     2 |       |       ||     9
  Eat: Chunk             |       |    10 |    10 |     7 |     4 ||    31
       Bread ration      |       |     1 |     1 |     2 |       ||     4
       Royal jelly       |       |       |     2 |       |       ||     2
       Meat ration       |       |       |       |     2 |       ||     2
       Pizza             |       |       |       |       |     1 ||     1
Armor: Leather armour    |    48 |   198 |   304 |   256 |    61 ||   867
       Skin              |       |     4 |       |       |       ||     4
       Scale mail        |       |       |       |       |   243 ||   243
Dodge: Dodged            |   100 |   286 |   419 |   320 |   229 ||  1354
       Rpst.: Falchion   |       |    43 |       |       |       ||    43
       Long sword        |       |       |   128 |     8 |       ||   136
